Map: Prion Terraces

Players

Konata - Winner!

  • Race: Zerg Zerg
  • League: Diamond

LilDicky

  • Race: Terran Terran
  • League: Diamond

VOD

http://www.twitch.tv/tumescentpie

Description

Time

  • Played on: Dec. 1, 2015, 12:14 p.m.
  • Length: 7:55
Show
View Real Time Build Order
Export as new Build Order

Konata Zerg - Winner!

Build Orders: Hatch First 

Get SALT Encoding   

  12  0:01  Drone  
  13  0:08  Drone  
  14  0:19  Drone, Extractor  
  15  0:23  Overlord  
  15  0:43  Drone x2  
  17  0:55  Hatchery  
  16  0:59  Drone  
  16  1:00  Drone  
  16  1:03  Extractor  
  17  1:19  Spawning Pool  
  17  1:23  Drone x2  
  18  1:27  Drone  
  19  1:44  Overlord  
  19  2:05  Queen  
  19  2:07  Zergling x4  
  23  2:10  Queen  
  23  2:12  Metabolic Boost, Zergling x2  
  26  2:17  Zergling x2  
  26  2:19  Drone  
  28  2:23  Drone  
  28  2:29  Drone  
  29  2:49  Queen  
  29  2:50  Overlord  
  29  3:06  Drone x3  
  29  3:11  Roach Warren  
  31  3:23  Queen  
  31  3:24  Overlord  
  33  3:31  Drone x3  
  36  3:36  Overlord  
  36  3:47  Extractor  
  35  3:52  Roach x3  
  41  3:57  Roach  
  41  3:59  Roach  
  45  4:04  Roach  
  47  4:10  Roach  
  47  4:15  Roach  
  49  4:38  Hatchery  
  48  4:50  Lair  
  48  4:51  Drone x3  
  51  4:55  Drone  
  51  4:57  Drone  
  51  4:58  Extractor  
  52  5:10  Drone  
  52  5:11  Drone x3  
  56  5:32  Overlord x2  
  56  5:33  Drone  
  56  5:34  Drone x3  
  60  5:45  Overlord x2  
  60  5:49  Glial Reconstitution  
  61  5:57  Drone x5  
  61  5:58  Drone  
  66  6:08  Nydus Network  
  65  6:13  Roach x3  
  71  6:34  Drone x3  
  71  6:35  Roach x4  
  71  6:36  Roach x4  
  90  6:42  Roach x2  
  94  6:49  Zergling x8  
  94  6:53  Nydus Canal  
  98  6:55  Overseer  
  98  6:59  Overlord x2  
  98  7:03  Pneumatized Carapace  
  98  7:13  Spore Crawler  
  97  7:22  Ravager x4  
  102  7:23  Ravager  
  102  7:26  Zergling x8  
  102  7:27  Overseer  
Show
View Real Time Build Order
Export as new Build Order

LilDicky Terran 

Build Orders:  

Get SALT Encoding   

  12  0:01  SCV  
  13  0:13  SCV  
  14  0:18  Supply Depot  
  14  0:25  SCV  
  15  0:28  Refinery  
  15  0:39  SCV  
  16  0:45  Barracks  
  16  0:52  SCV  
  18  1:04  SCV  
  18  1:16  SCV  
  20  1:34  Reaper  
  20  1:36  Orbital Command  
  20  1:44  Command Center  
  20  1:51  Refinery  
  20  1:57  Supply Depot  
  20  2:04  SCV  
  20  2:07  Marine  
  22  2:21  Factory  
  22  2:29  Bunker  
  22  2:31  SCV  
  22  2:33  Barracks Tech Lab  
  23  2:43  SCV  
  24  3:05  Supply Depot  
  23  3:16  Command Center  
  23  3:19  Orbital Command  
  23  3:29  Siege Tank  
  23  3:33  SCV  
  27  3:39  Marine  
  28  3:46  SCV  
  28  3:47  SCV  
  30  3:54  Starport  
  30  4:01  Supply Depot  
  30  4:07  Marine  
  30  4:08  SCV  
  35  4:10  Siege Tank  
  35  4:13  SCV  
  36  4:20  Refinery  
  36  4:21  Refinery  
  36  4:23  Liberator  
  37  4:38  Barracks Tech Lab  
  37  4:39  SCV  
  37  4:40  Ghost Academy  
  40  4:45  Engineering Bay  
  40  5:06  SCV  
  40  5:07  SCV  
  42  5:10  Supply Depot  
  42  5:11  Ghost  
  42  5:13  Personal Cloaking  
  43  5:20  Planetary Fortress  
  42  5:38  Bunker  
  42  5:41  Missile Turret  
  42  5:44  Medivac  
  42  5:46  SCV x2  
  46  5:55  Refinery  
  46  5:57  Refinery  
  46  5:58  SCV x2  
  48  6:04  Siege Tank  
  48  6:08  Marine  
  48  6:10  SCV  
  53  6:13  SCV  
  54  6:38  Barracks  
  54  6:39  SCV x2, Nuke  
  56  6:42  SCV  
  56  6:43  Barracks  
  57  6:51  SCV x2  
  57  6:52  Marauder  
  61  6:54  SCV  
  62  7:03  SCV  
Tags
 
Add a new tag
Caveats
  • Supply blocks, unpowered buildings, or Contaminate may cause inaccurate times.
  • Supply counts are checked every 10 seconds.